Map: Neon Violet Square LE

Players

Dessa - Winner!

  • Race: Zerg Zerg
  • League: Diamond
  • Spawn Location: 11:00

Tibalt

  • Race: Terran Terran
  • League: Diamond
  • Spawn Location: 5:00

VOD

Have the link to the VOD?

Description

Time

  • Played on: Dec. 10, 2017, 6:43 a.m.
  • Length: 15:58
Show
View Real Time Build Order
Export as new Build Order

Dessa Zerg - Winner!

Build Orders: Hatch First, Muta Ling Bane 

Get SALT Encoding   

  12  0:01  Drone  
  13  0:13  Overlord  
  13  0:19  Drone  
  14  0:31  Drone x2  
  16  0:53  Hatchery  
  16  0:56  Drone  
  16  1:02  Drone  
  17  1:13  Spawning Pool  
  17  1:17  Drone  
  17  1:19  Extractor  
  17  1:22  Drone  
  17  1:34  Drone  
  18  1:45  Drone  
  18  1:47  Overlord  
  19  1:59  Queen  
  21  2:02  Zergling x2  
  21  2:05  Drone  
  21  2:06  Drone  
  24  2:09  Queen  
  24  2:13  Drone  
  27  2:18  Metabolic Boost  
  27  2:26  Drone  
  27  2:28  Drone  
  28  2:38  Zergling x4  
  30  2:47  Extractor  
  30  3:02  Drone x2, Overlord  
  30  3:05  Extractor  
  31  3:08  Zergling x4  
  33  3:15  Drone x2  
  33  3:16  Drone, Overlord  
  33  3:19  Lair  
  36  3:23  Zergling x2  
  37  3:53  Drone x7  
  44  3:58  Hatchery  
  42  4:22  Roach Warren  
  41  4:24  Drone x4  
  45  4:39  Queen x2  
  45  4:40  Overlord  
  45  4:42  Overlord  
  49  4:50  Drone x3  
  49  4:51  Extractor x2  
  49  4:55  Zergling x2  
  49  4:56  Zergling x2  
  49  4:58  Spine Crawler  
  50  5:01  Spine Crawler  
  50  5:03  Overlord  
  50  5:05  Drone x2  
  51  5:09  Zergling x12  
  51  5:12  Roach  
  57  5:25  Queen  
  59  5:50  Drone x3, Spire  
  59  5:53  Drone x3  
  59  5:54  Drone x3, Overlord  
  67  6:07  Drone x3  
  67  6:08  Drone x3  
  67  6:09  Overlord  
  73  6:16  Pneumatized Carapace  
  73  6:28  Drone  
  73  6:29  Drone, Baneling Nest  
  73  6:32  Drone x3, Extractor  
  76  6:33  Drone x3, Extractor  
  76  6:35  Drone x3  
  76  6:36  Drone, Overlord  
  76  6:37  Overlord  
  82  6:40  Zergling x4  
  84  7:05  Drone  
  84  7:06  Drone, Evolution Chamber  
  84  7:07  Mutalisk, Evolution Chamber  
  84  7:08  Mutalisk x6  
  88  7:15  Roach x3  
  103  7:26  Mutalisk x4  
  111  7:39  Overlord x2  
  94  8:07  Drone  
  94  8:08  Drone x2  
  94  8:12  Zergling x10  
  102  8:13  Zergling x12  
  108  8:26  Zerg Ground Armor Level 1, Zerg Melee Weapons Level 1  
  108  8:29  Hatchery, Zergling x4  
  108  8:30  Zergling x2, Zerg Flyer Weapons Level 1  
  111  8:48  Zergling x4  
  111  8:49  Centrifical Hooks  
  111  8:54  Zergling x4  
  114  9:22  Zergling x6, Mutalisk x2  
  114  9:23  Overlord x2  
  121  9:35  Hydralisk Den  
  120  9:47  Overlord x3  
  120  9:56  Mutalisk x2  
  120  9:57  Mutalisk, Overlord  
  120  9:58  Overlord  
  122  10:36  Queen  
  122  10:37  Zergling x2  
  122  10:38  Zergling x12  
  122  10:42  Muscular Augments  
  131  10:43  Infestation Pit  
  131  10:46  Drone  
  131  10:47  Overlord x2  
  131  10:49  Zerg Melee Weapons Level 2  
  131  10:50  Zerg Ground Armor Level 2  
  131  10:51  Drone x4  
  131  10:52  Drone x3  
  131  10:53  Drone, Overlord  
  139  10:58  Baneling x3  
  139  10:59  Baneling x7  
  139  11:00  Baneling x15, Zergling x2  
  139  11:01  Zergling x20  
  150  11:15  Zergling x6  
  150  11:16  Zergling x8  
  153  11:44  Drone, Extractor  
  153  11:45  Drone x6  
  153  11:46  Drone x3, Extractor, Overlord  
  161  11:48  Zergling x10  
  161  11:50  Overlord x2  
  166  11:54  Glial Reconstitution  
  166  11:57  Hive  
  166  12:07  Hydralisk  
  166  12:08  Hydralisk x5  
  168  12:14  Baneling x3  
  168  12:15  Baneling x6  
  178  12:21  Hydralisk x3  
  182  12:44  Hydralisk x5  
  182  12:45  Hydralisk x3  
  184  13:54  Zergling x18  
  184  13:55  Zergling x32  
  163  14:30  Drone, Ultralisk Cavern  
  153  14:32  Drone x3  
  156  14:57  Zergling x2  
  156  14:58  Zergling x18  
  165  15:18  Ultralisk  
  165  15:19  Ultralisk x5  
Show
View Real Time Build Order
Export as new Build Order

Tibalt Terran 

Build Orders: Reaper Expand, MMM Bio 

Get SALT Encoding   

  12  0:01  SCV  
  13  0:14  SCV  
  13  0:20  Supply Depot  
  14  0:26  SCV  
  15  0:34  Refinery  
  15  0:41  SCV  
  16  0:47  Barracks  
  16  0:53  SCV  
  17  1:05  SCV  
  18  1:18  SCV  
  19  1:33  Orbital Command  
  19  1:34  Reaper  
  20  1:46  Command Center  
  20  1:56  Factory  
  20  2:00  SCV  
  21  2:08  Supply Depot  
  22  2:17  SCV  
  22  2:27  Barracks Reactor  
  22  2:29  SCV  
  23  2:32  Refinery  
  23  2:56  SCV  
  25  3:11  Hellion x2  
  25  3:12  SCV  
  30  3:15  Orbital Command, Barracks Tech Lab  
  29  3:24  SCV  
  29  3:25  Engineering Bay  
  30  3:34  Barracks  
  30  3:36  SCV  
  31  3:48  Hellion x2, SCV  
  35  3:49  Marine  
  35  3:51  Stimpack  
  36  3:59  Supply Depot  
  36  4:00  SCV  
  37  4:05  SCV, Missile Turret  
  37  4:07  Marine  
  37  4:09  Hellion  
  41  4:23  Supply Depot  
  41  4:25  Barracks Reactor  
  41  4:27  Starport  
  41  4:28  Marine  
  41  4:31  SCV  
  43  4:32  SCV  
  43  4:36  Hellion  
  46  4:41  Hellion  
  48  4:48  Supply Depot  
  48  4:50  SCV  
  48  4:52  Marine  
  49  4:55  SCV  
  51  5:03  SCV  
  51  5:04  Marine x2  
  51  5:07  Starport Reactor  
  54  5:30  SCV x2  
  46  5:46  Supply Depot  
  46  5:50  Hellion, Marine  
  46  5:51  Hellion, Supply Depot, Marine x2  
  46  5:52  Supply Depot, Medivac x2  
  57  6:04  Command Center  
  57  6:08  Marine  
  57  6:10  SCV, Refinery  
  57  6:11  Marine x2  
  59  6:12  Hellion x2  
  59  6:13  Terran Infantry Weapons Level 1  
  65  6:19  SCV  
  66  6:27  Marine  
  66  6:29  Marine  
  66  6:31  Marine  
  69  6:37  Hellion x2  
  69  6:39  SCV x2  
  75  6:41  Refinery  
  75  6:44  Viking  
  75  6:45  Marine  
  75  6:46  Medivac, Barracks  
  80  6:47  Barracks  
  80  6:51  SCV  
  80  6:52  SCV, Supply Depot x2  
  80  6:53  Marine x2  
  84  7:05  SCV x2  
  84  7:06  Marine  
  87  7:09  Hellion x2  
  87  7:11  Marine x2  
  87  7:12  Combat Shields  
  93  7:17  SCV  
  94  7:39  Marine x2  
  95  7:44  Marine  
  95  7:45  Marine x2  
  86  7:57  Marine x2  
  75  8:10  Missile Turret x2  
  69  8:13  Missile Turret  
  69  8:15  Missile Turret  
  69  8:16  Barracks Reactor  
  69  8:18  Barracks Reactor  
  66  8:27  Marine x2  
  66  8:29  Terran Infantry Armor Level 1  
  66  8:32  Armory  
  66  8:33  SCV x2, Factory Tech Lab  
  71  8:34  Engineering Bay  
  71  8:37  Orbital Command  
  67  8:45  SCV  
  67  8:57  Missile Turret  
  67  8:59  Missile Turret  
  67  9:01  Missile Turret  
  67  9:04  Marine  
  67  9:05  Marine x6  
  74  9:17  Supply Depot  
  74  9:22  SCV x2, Marine x2  
  74  9:23  Marine  
  79  9:27  Command Center  
  79  9:33  Marine x2  
  79  9:34  Marauder, Marine  
  79  9:36  Thor  
  90  9:40  Marine  
  90  9:50  Marine x2  
  90  9:51  Marine x2  
  94  9:53  Medivac  
  94  9:54  Medivac  
  94  9:56  Barracks, Marauder  
  94  9:59  Terran Infantry Weapons Level 2  
  98  10:18  Missile Turret x2, Marine  
  98  10:19  Marine x2  
  101  10:22  Thor  
  101  10:24  Terran Vehicle And Ship Armor Level 1  
  101  10:26  Terran Infantry Armor Level 2  
  107  10:30  Orbital Command  
  107  10:41  Marine x2  
  107  10:42  Marine x4  
  113  10:47  Missile Turret  
  113  10:48  Missile Turret  
  113  10:49  Missile Turret x2  
  113  10:52  Marine  
  113  10:55  Sensor Tower  
  113  10:56  Orbital Command  
  114  10:59  Marine x3  
  117  11:06  Marine x3  
  117  11:10  Marauder  
  122  11:12  Thor  
  122  11:17  Marine  
  129  11:22  Medivac  
  129  11:23  Barracks  
  129  11:24  Barracks  
  131  11:31  Missile Turret  
  131  11:33  Missile Turret  
  130  11:48  Missile Turret  
  130  11:50  Missile Turret  
  130  11:52  SCV x3  
  133  11:54  Marine x5  
  133  11:55  Missile Turret, Marine  
  139  12:06  Supply Depot  
  139  12:13  Marine  
  140  12:27  Medivac, Marine x6  
  148  12:35  Marine  
  137  12:45  Marine, Marauder  
  140  12:57  Factory  
  140  12:58  Barracks Reactor  
  140  13:00  Barracks Reactor  
  140  13:03  Terran Infantry Weapons Level 3  
  140  13:06  Terran Infantry Armor Level 3  
  140  13:08  Terran Vehicle Weapons Level 1  
  140  13:10  Medivac x2  
  144  13:13  Marine x3  
  144  13:15  Starport  
  147  13:20  Refinery  
  147  13:22  Refinery  
  138  13:49  Marine  
  138  13:50  Marine x2, Marauder  
  101  13:59  Thor  
  109  14:03  Widow Mine  
  109  14:11  Marauder  
  95  14:32  Marauder  
  77  14:53  Marine x2  
  77  14:54  Marine, Marauder  
  77  14:57  Factory Tech Lab  
  77  14:58  SCV x3  
  82  15:06  Marine x2  
  82  15:07  Marine x5  
  86  15:15  Marauder  
  87  15:30  Marine x2  
  87  15:35  Engineering Bay  
  89  15:36  Marauder  
Tags
 
Add a new tag
Caveats
  • Supply blocks, unpowered buildings, or Contaminate may cause inaccurate times.
  • Supply counts are checked every 10 seconds.